 Dungeon Crawl Stone Soup version 0.17-a0-1763-g847a857 (webtiles) character file.

121 Rationalist the Covered (level 5, -6/42 HPs)
             Began as a Formicid Fighter on Sept 4, 2015.
             Mangled by Grinder (8 damage)
             ... on level 3 of the Dungeon.
             The game lasted 00:02:52 (1516 turns).

Rationalist the Covered (Formicid Fighter)          Turns: 1516, Time: 00:02:52

Health: -6/42      AC:  8    Str: 25    XL:     5   Next: 26%
Magic:  5/5        EV:  9    Int: 12    God:
Gold:   95         SH: 10    Dex: 11    Spells: 0 memorised, 4 levels left

rFire  . . .     SeeInvis +     a - +0 war axe
rCold  . . .     Clarity  .     b - +0 scale mail
rNeg   . . .     SustAt   .     c - +0 shield
rPois  .         Gourm    .     (helmet unavailable)
rElec  .         Spirit   .     r - +0 cloak
rCorr  .         Warding  .     (no gloves)
rMut   .         Stasis   +     (no boots)
MR     .....                    (no amulet)
Stlth  ..........               (no ring)
                                i - +4 ring of intelligence

@: mighty, not resistant to hostile enchantments, extremely unstealthy
A: permanent stasis, dig shafts and tunnels, four strong arms, antennae 3
a: Dig, Shaft Self


You were on level 3 of the Dungeon.
You were not hungry.

You visited 1 branch of the dungeon, and saw 3 of its levels.

You collected 95 gold pieces.

Inventory:

Hand weapons
 a - a +0 war axe (weapon)
Missiles
 h - 8 sling bullets of frost
 l - 6 javelins (quivered)
 m - 6 tomahawks
 s - 28 bolts
 t - 13 poisoned sling bullets
Armour
 b - a +0 scale mail (worn)
 c - a +0 shield (worn)
 r - a +0 cloak (worn)
Jewellery
 i - a +4 ring of intelligence (left hand)
Scrolls
 k - 3 scrolls of identify {unknown}
 n - a scroll of noise {unknown}
 o - a scroll of enchant armour {unknown}
 p - a scroll of blinking {unknown}
 v - a scroll of amnesia {unknown}
Comestibles
 e - 2 bread rations
 g - a slice of pizza
 j - 3 fruits
 q - a royal jelly


   Skills:
 + Level 4.1 Fighting
 + Level 2.4 Axes
 + Level 4.4 Armour
 + Level 1.2 Dodging
 + Level 0.3 Stealth
 + Level 4.2 Shields


You had 4 spell levels left.
You didn't know any spells.

Dungeon Overview and Level Annotations

Branches:
Dungeon (3/15)

Altars:
Dithmenos
Kikubaaqudgha

Annotations:
D:3 Grinder


Innate Abilities, Weirdness & Mutations

You are under a permanent stasis effect.
You can dig through walls and to a lower floor.
Your four strong arms can wield two-handed weapons with a shield.
You have a pair of large antennae on your head (SInv).


Message History

* * * LOW HITPOINT WARNING * * *
Grinder gestures at you. Pain shoots through your body!
* * * LOW HITPOINT WARNING * * *
You feel less invigorated.
You feel less confused.
Grinder says, "I used to sell toenails on the black market."
Grinder gestures at you. You resist with significant effort.
You block Grinder's attack.
You barely miss Grinder.
Grinder is moderately wounded.
Grinder hits you.
* * * LOW HITPOINT WARNING * * *
You writhe in agony.
* * * LOW HITPOINT WARNING * * *
You slash Grinder!
Grinder is severely wounded.
You block Grinder's attack. Grinder hits you!
You die...

..............#.#..##
...............(....#
...#.....†.!.(#.###.##
.............##.###..#
###..................##
..........##....####<.#
.#..##....##.$### ####
.......#..##..##
...?!...@.>.....
........5.#.#..#
..........!.#..
.####....##... { ..#...
##.. ........ .#
........# .........#


You could see Grinder.

Vanquished Creatures
  7 adders (D:2)
  2 oozes
  A worm (D:2)
  3 giant cockroaches
  2 goblins
  7 hobgoblins
  4 jackals (D:1)
  5 kobolds
  A ball python (D:2)
  6 bats
  4 giant newts
  6 rats
48 creatures vanquished.

Notes
Turn   | Place    | Note
--------------------------------------------------------------
     0 | D:1      | Rationalist the Formicid Fighter began the quest for the Orb.
     0 | D:1      | Reached XP level 1. HP: 18/18 MP: 1/1
    94 | D:1      | Reached XP level 2. HP: 22/24 MP: 2/2
   319 | D:1      | Reached XP level 3. HP: 26/29 MP: 3/3
   776 | D:2      | Reached skill level 4 in Fighting
   795 | D:2      | Reached XP level 4. HP: 35/37 MP: 4/4
   857 | D:2      | Found an ancient bone altar of Kikubaaqudgha.
  1088 | D:2      | Found a shadowy altar of Dithmenos.
  1338 | D:2      | Reached XP level 5. HP: 42/42 MP: 5/5
  1387 | D:2      | Reached skill level 1 in Dodging
  1477 | D:3      | Noticed Grinder
  1510 | D:3      | HP: 1/42 [Grinder/nerve-wracking pain (13)]
  1515 | D:3      | HP: 2/42 [Grinder (2)]
  1516 | D:3      | Mangled by Grinder

Vault maps used:
D:1:      dpeg_arrival_long_road
D:2:      old_standard_altar, kiku_gazebo_garden_becter
D:3:      first_bread, kennysheep_nondescript, uniq_grinder, uniq_sigmund,
          uniq_natasha, uniq_terence, uniq_crazy_yiuf_cottage

Action                   |  1- 3 |  4- 6 || total
-------------------------+-------+-------++-------
Melee: War axe           |    66 |    78 ||   144
  Use: Potion            |     1 |     2 ||     3
  Eat: Chunk             |       |     2 ||     2
